 Dungeon Crawl Stone Soup version 0.27-a0-1347-gd8886f0a89 (webtiles) character file.

Game seed: 15957358183144594171

741 wakim the Tainter (level 7, 0/39 (41) HPs)
             Began as an Octopode Venom Mage on June 27, 2021.
             Slain by a wight (6 damage)
             ... on level 4 of the Dungeon.
             The game lasted 00:14:23 (5371 turns).

wakim the Tainter (Octopode Venom Mage)             Turns: 5371, Time: 00:14:24

HP:   0/39 (41)     AC:  5    Str:  7    XL:     7   Next: 75%
MP:   13/13         EV: 13    Int: 26    God:
Gold: 223           SH:  0    Dex: 12    Spells: 4/14 levels left

rFire    . . .     SeeInvis .   b - +2 trident (flame)
rCold    . . .     Faith    .   (no shield)
rNeg     . . .     Spirit   .   (helmet restricted)
rPois    .         Reflect  .   (no amulet)
rElec    .         Harm     .   n - +6 ring of intelligence
rCorr    .         Rampage  .   o - +4 ring of protection
Will     .....                  (no ring)
Stlth    +++.......             (no ring)
HPRegen  0.13/turn              (no ring)
MPRegen  0.13/turn              (no ring)
                                (no ring)
                                (no ring)

@: lightly drained
A: almost no armour, amphibious, 8 rings, camouflage 1, gelatinous body 1,
(nimble swimmer 1), tentacles
a: no special abilities


You were on level 4 of the Dungeon.
You visited 1 branch of the dungeon, and saw 4 of its levels.

You collected 223 gold pieces.

Inventory:

Hand Weapons
 a - a +1 dagger of speed
 b - a +2 trident of flaming (weapon)
Missiles
 h - 2 boomerangs
Armour
 s - a +0 kite shield
Jewellery
 n - a +6 ring of intelligence (left tentacle)
 o - a +4 ring of protection (right tentacle)
Wands
 v - a wand of flame (9)
Scrolls
 c - a scroll of fog {unknown}
 e - a scroll of silence {unknown}
 f - a scroll of fear {unknown}
 i - 2 scrolls of immolation {unknown}
 p - a scroll of enchant armour {unknown}
 q - a scroll of enchant weapon {unknown}
 r - a scroll of identify
 T - a scroll of teleportation
Potions
 d - a potion of berserk rage {unknown}
 g - 2 potions of flight {unknown}
 j - a potion of lignification {unknown}
 k - a potion of attraction {unknown}
 l - a potion of haste
 m - a potion of mutation {unknown}
 t - a potion of degeneration {unknown}
 u - a potion of curing {unknown}
 J - 2 potions of heal wounds


   Skills:
 - Level 2.0 Dodging
 - Level 2.6 Stealth
 - Level 4.0 Spellcasting
 + Level 1.3 Transmutations
 + Level 0.5 Fire Magic
 * Level 9.4 Poison Magic


You had 4 spell levels left.
You knew the following spells:

 Your Spells              Type           Power      Damage    Failure   Level
a - Sting                 Tmut/Pois      100%       1d8       1%          1
b - Ignite Poison         Fire/Tmut/Pois 24%        N/A       5%          3
x - Poisonous Vapours     Pois/Air       58%        N/A       1%          2
y - Olgreb's Toxic Radia  Pois           52%        N/A       1%          4

Your spell library contained the following spells:

 Spells                   Type           Power      Damage    Failure   Level
 Mephitic Cloud           Conj/Pois/Air  21%        N/A       7%          3
 Magic Dart               Conj           20%        1d4       9%          1
 Shock                    Conj/Air       20%        1d4       9%          1
 Blink                    Tloc           N/A        N/A       13%         2
 Call Imp                 Summ           5%         N/A       13%         2
 Slow                     Hex            5%         N/A       13%         2
 Static Discharge         Conj/Air       5%         N/A       13%         2
 Conjure Flame            Conj/Fire      6%         6-21      22%         3
 Confusing Touch          Hex            5%         N/A       26%         3
 Gell's Gravitas          Tloc           2%         N/A       26%         3
 Swiftness                Air            5%         N/A       26%         3
 Petrify                  Tmut/Erth      8%         N/A       54%         4
 Airstrike                Air            2%         N/A       63%         4
 Yara's Violent Unravell  Hex/Tmut       4%         3d4       88%         5
 Lightning Bolt           Conj/Air       2%         1d14      93%         5
 Metabolic Englaciation   Hex/Ice        2%         N/A       93%         5


Dungeon Overview and Level Annotations

Branches:
Dungeon (4/15)
 Temple: D:4-7

Altars:
Okawaru
Sif Muna
Uskayaw


Innate Abilities, Weirdness & Mutations

You cannot wear most types of armour.
You are amphibious.
You can wear up to eight rings at the same time.
Your skin changes colour to match your surroundings (Stealth+).
Your rubbery body absorbs attacks. (AC +1, EV +1)
((You are camouflaged near water. (Stealth+)))
You have tentacles for arms and can constrict up to eight enemies at once.


Message History

You see here a +0 club.
A wight is nearby!
Casting: Ignite Poison (dangerous; 5% risk of failure)
Confirm with . or Enter, or press ? or * to list all spells.
You can't see any susceptible monsters within range! (Use Z to cast anyway.)
Casting: Ignite Poison (dangerous; 5% risk of failure)
Confirm with . or Enter, or press ? or * to list all spells.
Aiming: Sting (safe; 1% risk of failure)
Press: ? - help, Shift-Dir - straight line, f - wight
Aim: a wight, wielding a +0 short sword and wearing a +0 robe (78% to hit)
The sting hits the wight but does no damage.
You reach to attack!
You closely miss the wight. You hit the wight. You burn the wight.
You grab the wight.
The wight is moderately damaged.
You constrict the wight, but do no damage.
The wight hits you with a +0 short sword.
You feel drained.
The wight hits you with a +0 short sword.
You hit the wight but do no damage.
The wight is moderately damaged.
You constrict the wight, but do no damage.
The wight hits you with a +0 short sword.
You hit the wight. You burn the wight.
The wight is severely damaged.
You constrict the wight, but do no damage.
The wight hits you with a +0 short sword!
* * * LOW HITPOINT WARNING * * *
You hit the wight but do no damage.
The wight is severely damaged.
You constrict the wight, but do no damage.
The wight misses you.
You barely miss the wight. You squeeze the wight.
The wight is almost destroyed.
You constrict the wight, but do no damage.
The wight hits you with a +0 short sword!
* * * LOW HITPOINT WARNING * * *
You feel drained.
* * * LOW HITPOINT WARNING * * *
The wight hits you with a +0 short sword.
You die...

#.............#...#......'.
#.............#...#......#
#'######'###.###..#......#
...........#.###..#......#
5..........#..'...#......+
...........#..#...#......#
####.......######)#......#
...########..........##'##
.[...#....'.....@z...# ..
8.8..#....#..........# ...
._.†.'....#..........# ###
8.8.#################...
.†..### .... ...#..# .....
####..# ..... ......# ....
......#####


You could see a wight.

Vanquished Creatures
  Pikel (D:4)
  4 lemures (D:4)
  Blork the orc (D:4)
  A scorpion (D:4)
  Crazy Yiuf (D:2)
  2 adders (D:2)
  3 worms
  2 dart slugs (D:1)
  An orc (D:4)
  5 bats
  7 endoplasms
  8 giant cockroaches
  12 goblins
  10 hobgoblins
  11 jackals
  4 quokkas
  7 ball pythons
  2 frilled lizards (D:1)
  6 kobolds
  3 rats (D:1)
91 creatures vanquished.

Vanquished Creatures (others)
  2 fungi (D:2)
2 creatures vanquished.

Grand Total: 93 creatures vanquished

Notes
Turn   | Place    | Note
-------+----------+-------------------------------------------
     0 | D:1      | wakim the Octopode Venom Mage began the quest for the Orb.
     0 | D:1      | Reached XP level 1. HP: 11/11 MP: 3/3
   166 | D:1      | Reached skill level 4 in Poison Magic
   175 | D:1      | Reached XP level 2. HP: 14/17 MP: 1/5
   583 | D:1      | Learned a level 2 spell: Poisonous Vapours
   683 | D:1      | Found a faded altar of an unknown god.
   738 | D:1      | Reached XP level 3. HP: 12/21 MP: 6/6
   868 | D:1      | Reached skill level 5 in Poison Magic
  1482 | D:2      | Found a hide-covered altar of Uskayaw.
  2138 | D:2      | Reached XP level 4. HP: 27/27 MP: 1/7
  2559 | D:2      | Learned a level 4 spell: Olgreb's Toxic Radiance
  2772 | D:2      | Reached skill level 6 in Poison Magic
  2955 | D:2      | Found a runed translucent door.
  2956 | D:2      | Noticed Crazy Yiuf
  2997 | D:2      | Killed Crazy Yiuf
  2998 | D:2      | Reached XP level 5. HP: 15/31 MP: 2/8
  3433 | D:3      | Found a shimmering blue altar of Sif Muna.
  4206 | D:4      | Found an iron altar of Okawaru.
  4315 | D:4      | Noticed a lemure
  4315 | D:4      | Noticed a lemure
  4315 | D:4      | Noticed a lemure
  4318 | D:4      | Noticed a lemure
  4318 | D:4      | Noticed Pikel
  4339 | D:4      | Killed a lemure
  4339 | D:4      | Killed a lemure
  4348 | D:4      | Killed a lemure
  4424 | D:4      | Noticed Blork the orc
  4648 | D:4      | Killed a lemure
  4731 | D:4      | Learned a level 3 spell: Ignite Poison
  5142 | D:4      | Found an iron altar of Okawaru.
  5149 | D:4      | Killed Pikel
  5150 | D:4      | Reached skill level 9 in Poison Magic
  5150 | D:4      | Reached XP level 6. HP: 32/36 MP: 1/12
  5150 | D:4      | Reached XP level 7. HP: 36/41 MP: 1/13
  5248 | D:4      | Killed Blork the orc
  5371 | D:4      | Slain by a wight

Illustrated notes

Levels and vault maps discovered:
D:1:      dpeg_arrival_snail, layout_basic,
          hellmonk_ecumenical_altar_leap_of_faith, minmay_split_cup_large
D:2:      layout_loops_ring, basic_altar, uniq_crazy_yiuf_cottage
D:3:      layout_basic, lemuel_crystal_altar
D:4:      layout_gridville, kennysheep_okawaru_gauntlet,
          kennysheep_small_circle, uniq_pikel, uniq_blork_the_orc

Skill      XL: |  1  2  3  4  5 |
---------------+----------------+-----
Poison Magic   | 4 5 6 9 |  9.4
Spellcasting   | 4 |  4.0
Dodging        | |  2.0
Stealth        | |  2.6
Transmutations | |  1.3
Fire Magic     | |  0.5

Action                   |  1- 3 |  4- 6 |  7- 9 || total
-------------------------+-------+-------+-------++-------
Melee: Unarmed           |    23 |       |       ||    23
       Constrict         |    28 |    13 |     1 ||    42
       Tentacles         |    20 |    11 |     1 ||    32
       Dagger            |    81 |    51 |       ||   132
       Trident           |       |       |     6 ||     6
 Cast: Sting             |    10 |    11 |     1 ||    22
       Poisonous Vapours |    12 |    32 |     1 ||    45
       Olgreb's Toxic Ra |       |     9 |     1 ||    10
       Ignite Poison     |       |     1 |     1 ||     2
  Use: Scroll            |       |     2 |       ||     2
 Stab: Sleeping          |     5 |     1 |       ||     6
Armor: Skin              |    26 |     6 |       ||    32
Dodge: Dodged            |    63 |    18 |     1 ||    82

Table legend: (Time is in decaauts)
 A = Elapsed time spent in this place.
 B = Non-inter-level travel time spent in this place.
 C = Inter-level travel time spent in this place.
 D = Time resting spent in this place.
 E = Time spent auto-exploring this place.
 F = Levels seen in this place.
 G = Mean time per level.
                   A        B        C        D        E       F      G
               +--------+--------+--------+--------+--------+-----+--------+
         Total |   5357 |   5159 |    198 |      0 |   4136 |   4 | 1339.2 |
       Dungeon |   5357 |   5159 |    198 |      0 |   4136 |   4 | 1339.2 |
               +--------+--------+--------+--------+--------+-----+--------+

Top non-repeatable levels by time:
     D:2: 1889 daAuts
     D:1: 1356 daAuts
     D:4: 1062 daAuts
     D:3: 1049 daAuts
